Map: Frozen Temple

Players

Cole - Winner!

  • Race: Zerg Zerg
  • League: Platinum

SpacemanSpiF

  • Race: Protoss Protoss
  • League: Platinum

VOD

Have the link to the VOD?

Description

Time

  • Played on: April 9, 2016, 2 p.m.
  • Length: 12:10
Show
View Real Time Build Order
Export as new Build Order

Cole Zerg - Winner!

Build Orders: Hatch First 

Get SALT Encoding   

  12  0:01  Drone  
  13  0:13  Overlord  
  13  0:18  Drone  
  14  0:23  Extractor  
  14  0:24  Drone  
  15  0:31  Drone  
  15  0:35  Drone  
  17  0:57  Drone  
  17  0:59  Extractor  
  17  1:00  Hatchery  
  17  1:02  Drone  
  17  1:09  Drone  
  18  1:20  Spawning Pool  
  18  1:24  Drone  
  18  1:30  Overlord  
  18  1:40  Drone  
  19  1:54  Drone  
  20  2:07  Metabolic Boost  
  20  2:08  Queen  
  20  2:12  Queen  
  20  2:14  Zergling x4  
  26  2:19  Drone  
  27  2:33  Evolution Chamber  
  26  2:39  Drone x3  
  26  2:40  Drone  
  30  3:01  Pneumatized Carapace  
  30  3:04  Zergling x8  
  34  3:12  Overlord x2  
  34  3:33  Zergling x6  
  34  3:34  Zergling x10  
  39  4:06  Zergling x2  
  39  4:07  Zergling x12  
  39  4:09  Overlord x3  
  43  5:03  Roach Warren  
  39  5:18  Roach Warren  
  33  5:31  Hatchery  
  32  5:43  Drone x5  
  32  5:44  Drone x7  
  32  5:48  Extractor  
  32  5:49  Extractor  
  42  5:50  Spine Crawler  
  42  5:52  Lair  
  42  5:53  Zerg Ground Armor Level 1  
  42  5:54  Spine Crawler  
  40  6:12  Drone x3  
  40  6:13  Drone x2  
  40  6:14  Drone  
  40  6:18  Spore Crawler  
  45  6:20  Spore Crawler  
  45  6:23  Drone, Extractor  
  44  6:38  Drone x3  
  47  6:47  Queen  
  47  6:49  Drone  
  47  6:50  Drone x8  
  58  6:54  Glial Reconstitution  
  58  6:59  Spire  
  58  7:01  Overseer  
  57  7:05  Drone  
  57  7:06  Drone x3  
  61  7:11  Spore Crawler  
  61  7:12  Spine Crawler  
  59  7:22  Drone x3  
  62  7:23  Drone x5  
  62  7:27  Extractor  
  62  7:29  Overlord, Extractor  
  65  7:33  Roach  
  65  7:34  Roach  
  69  7:39  Queen  
  71  7:54  Drone x3  
  71  7:55  Drone x3  
  71  7:57  Overlord  
  77  8:09  Drone x2  
  77  8:10  Drone  
  80  8:15  Overlord x5  
  80  8:33  Infestation Pit  
  78  8:47  Mutalisk x13  
  100  8:59  Drone, Spine Crawler  
  100  9:00  Drone x2, Spine Crawler  
  101  9:08  Roach x2  
  105  9:12  Hive  
  105  9:24  Overlord x4  
  105  9:26  Roach  
  105  9:27  Hatchery  
  106  10:03  Roach x12  
  126  10:32  Roach x7  
  138  10:48  Mutalisk x5  
  118  11:00  Drone x5  
  118  11:01  Queen  
  113  11:18  Roach  
  113  11:19  Roach x7  
  113  11:25  Corruptor  
  119  11:29  Overseer x3  
  119  11:30  Overseer  
  119  11:32  Roach  
  125  11:33  Roach x8  
Show
View Real Time Build Order
Export as new Build Order

SpacemanSpiF Protoss 

Build Orders: 1 Gate Expand 

Get SALT Encoding   

  12  0:01  Probe (Chrono Boost)  
  13  0:11  Probe (Chrono Boost)  
  14  0:19  Pylon  
  14  0:23  Probe (Chrono Boost)  
  15  0:38  Probe (Chrono Boost)  
  15  0:39  Gateway  
  16  0:46  Assimilator  
  16  0:48  Probe (Chrono Boost)  
  17  1:03  Probe (Chrono Boost)  
  18  1:13  Probe (Chrono Boost)  
  19  1:24  Probe (Chrono Boost)  
  20  1:32  Nexus  
  20  1:46  Cybernetics Core  
  21  1:47  Probe (Chrono Boost)  
  21  1:52  Pylon  
  21  1:57  Probe (Chrono Boost)  
  21  1:59  Assimilator  
  22  2:11  Probe (Chrono Boost)  
  22  2:12  Zealot (Chrono Boost)  
  25  2:29  Pylon  
  25  2:30  Warp Gate  
  25  2:34  Mothership Core  
  27  2:43  Probe  
  27  2:44  Adept (Chrono Boost)  
  30  2:55  Probe  
  31  2:58  Probe  
  32  3:07  Gateway x2, Probe  
  33  3:14  Probe  
  33  3:19  Gateway  
  34  3:22  Probe  
  34  3:24  Pylon  
  35  3:34  Probe  
  35  3:35  Probe  
  35  3:36  Adept (Chrono Boost)  
  39  3:44  Probe, Pylon  
  40  4:01  Adept x2 (Chrono Boost)  
  40  4:12  Gateway  
  40  4:15  Adept (Chrono Boost), Probe  
  40  4:16  Probe  
  43  4:21  Twilight Council  
  44  4:24  Pylon  
  44  4:26  Probe  
  45  4:31  Probe  
  45  4:34  Assimilator  
  45  4:37  Assimilator  
  45  4:38  Probe  
  47  4:46  Adept x2  
  47  4:47  Adept  
  48  5:03  Probe  
  48  5:05  Probe  
  50  5:14  Pylon  
  49  5:18  Probe  
  49  5:19  Probe  
  51  5:35  Zealot x2  
  55  5:36  Adept x3  
  55  5:41  Probe  
  61  5:43  Probe  
  63  5:52  Probe  
  63  5:55  Probe  
  65  6:02  Probe  
  66  6:07  Probe  
  67  6:13  Probe, Dark Shrine  
  68  6:19  Stargate, Probe  
  68  6:23  Probe  
  70  6:31  Probe  
  71  6:34  Probe  
  72  6:42  Sentry  
  72  6:43  Probe  
  75  6:48  Gateway  
  75  6:49  Gateway  
  75  6:51  Gateway  
  75  6:52  Probe  
  76  6:55  Probe  
  77  7:13  Pylon  
  77  7:15  Pylon  
  77  7:28  Pylon  
  77  7:31  Phoenix  
  79  7:37  Nexus  
  79  7:42  Charge (Chrono Boost)  
  79  7:52  Pylon  
  79  7:59  Dark Templar x2  
  79  8:00  Dark Templar x5  
  79  8:04  Dark Templar  
  95  8:16  Probe  
  95  8:17  Probe  
  97  8:23  Gateway  
  97  8:26  Gateway  
  83  8:48  Probe  
  83  8:49  Probe  
  83  8:50  Probe  
  83  8:54  Dark Templar x3  
  83  8:55  Dark Templar x3  
  96  8:58  Archon  
  96  8:59  Archon x2  
  96  9:00  Probe x2, Zealot  
  96  9:01  Zealot  
  102  9:06  Assimilator  
  102  9:08  Assimilator  
  102  9:13  Forge  
  102  9:15  Forge  
  102  9:22  Phoenix (Chrono Boost)  
  104  9:26  Stargate  
  98  9:47  Phoenix (Chrono Boost)  
  84  10:08  Dark Templar x2, Phoenix (Chrono Boost)  
  88  10:15  Phoenix (Chrono Boost)  
  82  10:29  Archon  
  82  10:31  Phoenix (Chrono Boost)  
  83  10:37  Phoenix (Chrono Boost)  
  66  10:58  Zealot x6  
  66  10:59  Zealot  
  66  11:00  Dark Templar x2  
  76  11:04  Archon  
  66  11:23  Stalker x3  
  66  11:24  Zealot  
  66  11:25  Zealot x4  
  82  11:34  Pylon  
  82  11:35  Mothership Core  
Tags
 
Add a new tag
Caveats
  • Supply blocks, unpowered buildings, or Contaminate may cause inaccurate times.
  • Supply counts are checked every 10 seconds.